 Dungeon Crawl Stone Soup version 0.26-a0-651-gb41185065b (webtiles) character file.

Game seed: 10597126909151057200

200 Irenicus the Geomancer (level 5, 28/42 HPs)
             Began as a Deep Dwarf Earth Elementalist on Oct 24, 2020.
             Quit the game on level 3 of the Dungeon.
             The game lasted 00:05:37 (869 turns).

Irenicus the Geomancer (DDEE)                        Turns: 869, Time: 00:05:37

Health: 28/42      AC:  3    Str: 11    XL:     5   Next: 49%
Magic:  0/6        EV: 12    Int: 17    God:
Gold:   91         SH:  0    Dex: 13    Spells: 4/7 levels left

rFire    . . .     SeeInvis .   f - +0 short sword
rCold    . . .     Faith    .   (no shield)
rNeg     . . .     Spirit   .   e - +0 leather armour
rPois    .         Reflect  .   (no helmet)
rElec    .         Harm     .   (no cloak)
rCorr    .         Rampage  .   (no gloves)
MR       .....                  (no boots)
Stlth    ++........             (no amulet)
HPRegen  0.00/turn              (no ring)
MPRegen  0.10/turn              (no ring)

@: flying (expiring), non-regenerating
A: damage resistance, heal wounds, blurry vision 1, deterioration 1, sense
surroundings 1, evolution 1, no regeneration
a: Heal Wounds


You were on level 3 of the Dungeon.
You visited 1 branch of the dungeon, and saw 3 of its levels.

You collected 91 gold pieces.

Inventory:

Hand Weapons
 f - a +0 short sword (weapon)
   (You took it off a kobold on level 1 of the Dungeon)
Missiles
 b - 14 stones (quivered)
Armour
 e - a +0 leather armour (worn)
   (You found it on level 1 of the Dungeon)
Jewellery
 j - an uncursed ring of fire {rF+, rC-}
   (You found it on level 3 of the Dungeon)
Scrolls
 a - a scroll of enchant weapon {unknown}
 d - 4 scrolls of identify
 g - a scroll of amnesia {unknown}
Potions
 h - a potion of haste


   Skills:
 - Level 2.1 Dodging
 - Level 2.4 Stealth
 - Level 1.7 Spellcasting
 - Level 0.8 Transmutations
 + Level 8.3 Earth Magic


You had 4 spell levels left.
You knew the following spells:

 Your Spells              Type           Power        Failure   Level
a - Sandblast             Erth           ####..       1%          1
w - Passwall              Tmut/Erth      ###.....     6%          2

Your spell library contained the following spells:

 Spells                   Type           Power        Failure   Level
 Stone Arrow              Conj/Erth      ###...       14%         3
 Corona                   Hex            #......      26%         1
 Ensorcelled Hibernation  Hex/Ice        #.....       36%         2
 Petrify                  Tmut/Erth      ###.....     36%         4
 Confusing Touch          Hex            #.......     61%         3
 Dazzling Flash           Conj/Hex       #.....       61%         3
 Tukima's Dance           Hex            #.......     61%         3
 Lee's Rapid Deconstruct  Erth           ####......   24%         5


Dungeon Overview and Level Annotations

Branches:
Dungeon (3/15)

Altars:


Innate Abilities, Weirdness & Mutations

You are resistant to damage.
You can heal yourself by infusing magical energy.
You passively map a small area around you.
You do not regenerate.
Scrolls take you a little longer to read.
Your body sometimes deteriorates upon taking damage.
You evolve.


Message History

Confirm with . or Enter, or press ? or * to list all spells.
Aiming: Sandblast (safe; 1% risk of failure)
Press: ? - help, Shift-Dir - straight line, f - big kobold
Aim: a big kobold, wielding a +0 short sword (lightly wounded)
The blast of sand hits the big kobold.
The big kobold is moderately wounded.
b - 16 stones The big kobold hits you with a +0 short sword.
You take 2 damage, and have 19/36 hp.
You now have 0/6 mp.
You hit the big kobold but do no damage.
The big kobold is moderately wounded.
The big kobold hits you with a +0 short sword.
You take 2 damage, and have 17/36 hp.
You hit the big kobold.
The big kobold is moderately wounded.
The big kobold misses you.
You hit the big kobold.
The big kobold is heavily wounded.
The big kobold closely misses you.
You barely miss the big kobold.
The big kobold is heavily wounded.
The big kobold barely misses you.
You completely miss the big kobold.
The big kobold is heavily wounded.
The big kobold hits you with a +0 short sword.
You take 2 damage, and have 15/36 hp.
You completely miss the big kobold.
The big kobold is heavily wounded.
The big kobold hits you with a +0 short sword.
You take 3 damage, and have 12/36 hp.
You hit the big kobold.
The big kobold is heavily wounded.
The big kobold hits you with a +0 short sword.
* * * LOW HITPOINT WARNING * * *
You take 3 damage, and have 9/36 hp.
You hit the big kobold.
The big kobold is severely wounded.
The big kobold barely misses you. The big kobold closely misses you.
Casting: Sandblast (safe; 1% risk of failure)
Confirm with . or Enter, or press ? or * to list all spells.
Aiming: Sandblast (safe; 1% risk of failure)
Press: ? - help, Shift-Dir - straight line, f/p - big kobold
Aim: a big kobold, wielding a +0 short sword (severely wounded)
The blast of sand hits the big kobold!
You kill the big kobold!
Your Earth Magic skill increases to level 8!
You have reached level 5!
b - 15 stones You regained 2 hp, and now have 11/42 hp.
You now have 0/7 mp.
You hit the orc.
The orc is heavily wounded.
The orc barely misses you.
You hit the orc.
The orc is almost dead.
The orc closely misses you.
You hit the orc.
You kill the orc!
You closely miss the orc. The orc hits you but does no damage.
You closely miss the orc. The orc hits you.
You hit the orc.
The orc is lightly wounded.
The orc closely misses you. The orc hits you.
You hit the orc but do no damage. The orc hits you.
* * * LOW HITPOINT WARNING * * *
You take 1 damage, and have 10/42 hp.
You hit the orc but do no damage.
You are starting to lose your buoyancy.
The orc hits you.
* * * LOW HITPOINT WARNING * * *
You take 4 damage, and have 6/42 hp.
You hit the orc.
The orc is moderately wounded.
The orc hits you.
* * * LOW HITPOINT WARNING * * *
You take 3 damage, and have 3/42 hp.
You completely miss the orc.
The orc is moderately wounded.
The orc barely misses you.
Casting: Sandblast (safe; 1% risk of failure)
Confirm with . or Enter, or press ? or * to list all spells.
Aiming: Sandblast (safe; 1% risk of failure)
Press: ? - help, Shift-Dir - straight line, f - orc
Aim: an orc, wearing a +0 leather armour (moderately wounded)
The blast of sand hits the orc.
The orc is severely wounded.
b - 14 stones The orc barely misses you.
You now have 0/7 mp.
You closely miss the orc.
The orc is severely wounded.
The orc barely misses you.
Your magical essence is drained by the effort!
You feel much better. The orc misses you.
The frilled lizard hisses.
You regained 25 hp, and now have 28/42 hp.
Okay, then.
Search for what [? for help]?
Okay, then.
Are you sure you want to abandon this character and quit the game? (Confirm with "yes".)

######## #.......# *
#......# .......#
#.......# #......#
.......####.......# *
#......#
.......l.##.......# * ,
#<.....#
.......#..#.......# * .#
#......#
......o##.#.......##...#
#.......
#####.###g.l...gl....#,*
####....
#h.#########o##....,
....##.# ##.Sh# #@#* , .
###.,#.# ###o###
#........# ## #.# #K.o##
#........# * ... ###l.#
#......... * ...
##.###......... ,,,.#.#
#gh##........# ##.
##.###.#####.# * ##
#...#.### .. #g......##
,*


You could see an orc, a hobgoblin and a frilled lizard.

Vanquished Creatures
  A big kobold (D:3)
  An orc wizard (D:3)
  Jessica (D:3)
  An adder (D:3)
  An ooze (D:1)
  A worm (D:2)
  5 dart slugs
  A leopard gecko (D:3)
  4 orcs (D:3)
  2 ball pythons
  4 hobgoblins
  4 jackals
  5 bats
  3 frilled lizards
  5 goblins
  4 kobolds
  3 rats (D:1)
46 creatures vanquished.

Notes
Turn   | Place    | Note
-------+----------+-------------------------------------------
     0 | D:1      | Irenicus the Deep Dwarf Earth Elementalist began the quest
                  | for the Orb.
     0 | D:1      | Reached XP level 1. HP: 15/15 MP: 3/3
   129 | D:1      | Reached XP level 2. HP: 17/22 MP: 0/4
   199 | D:1      | Reached skill level 5 in Earth Magic
   326 | D:2      | Reached XP level 3. HP: 21/28 MP: 0/5
   492 | D:1      | Learned a level 2 spell: Passwall
   676 | D:3      | Reached skill level 6 in Earth Magic
   746 | D:3      | Noticed Jessica
   751 | D:3      | Killed Jessica
   751 | D:3      | Reached XP level 4. HP: 24/36 MP: 1/6
   761 | D:3      | Noticed a big kobold
   779 | D:3      | Found a faded altar of an unknown god.
   795 | D:3      | Reached skill level 7 in Earth Magic
   814 | D:3      | Gained mutation: Your body sometimes deteriorates upon
                  | taking damage. [potion of mutation]
   814 | D:3      | Gained mutation: Scrolls take you a little longer to read.
                  | [potion of mutation]
   814 | D:3      | Gained mutation: You evolve. [potion of mutation]
   819 | D:3      | HP: 6/36 [hobgoblin (4)]
   833 | D:3      | HP: 4/36 [jackal (2)]
   853 | D:3      | HP: 9/36 [big kobold/+0 short sword (3)]
   855 | D:3      | Killed a big kobold
   855 | D:3      | Reached skill level 8 in Earth Magic
   855 | D:3      | Reached XP level 5. HP: 11/42 MP: 0/7
   862 | D:3      | HP: 10/42 [orc (1)]
   864 | D:3      | HP: 3/42 [orc (3)]
   869 | D:3      | Quit the game

Illustrated notes

Levels and vault maps discovered:
D:1:      mrwooster_arrival_statue_2, layout_rooms
D:2:      layout_basic
D:3:      layout_rooms, chequers_ecumenical_altar_simple_redux, uniq_jessica

Skill      XL: |  1  2  3  4 |
---------------+-------------+-----
Earth Magic    | 5 6 8 |  8.3
Dodging        | |  2.1
Stealth        | |  2.4
Spellcasting   | |  1.7
Transmutations | |  0.8

Action                   |  1- 3 |  4- 6 || total
-------------------------+-------+-------++-------
Melee: Short sword       |    10 |    42 ||    52
       Unarmed           |     4 |       ||     4
 Cast: Sandblast         |    37 |    14 ||    51
       Passwall          |     5 |       ||     5
 Abil: Heal Wounds       |       |     2 ||     2
  Use: Potion            |       |     2 ||     2
       Scroll            |       |     1 ||     1
Armor: Robe              |     2 |       ||     2
       Leather armour    |     1 |    21 ||    22
Dodge: Dodged            |    16 |    63 ||    79

Table legend: (Time is in decaauts)
 A = Elapsed time spent in this place.
 B = Non-inter-level travel time spent in this place.
 C = Inter-level travel time spent in this place.
 D = Time resting spent in this place.
 E = Time spent auto-exploring this place.
 F = Levels seen in this place.
 G = Mean time per level.
                   A        B        C        D        E       F      G
               +--------+--------+--------+--------+--------+-----+--------+
         Total |    874 |    874 |      0 |      0 |      0 |   3 |  291.3 |
       Dungeon |    874 |    874 |      0 |      0 |      0 |   3 |  291.3 |
               +--------+--------+--------+--------+--------+-----+--------+

Top non-repeatable levels by time:
     D:2: 348 daAuts
     D:1: 299 daAuts
     D:3: 226 daAuts

Table legend:
 A = Kills in this place as a percentage of kills in entire the game.
 B = Kills by you in this place as a percentage of kills by you in the entire game.
 C = Kills by friends in this place as a percentage of kills by friends in the entire game.
 D = Other kills in this place as a percentage of other kills in the entire game.
 E = Experience gained in this place as a percentage of experience gained in the entire game.
 F = Experience gained in this place divided by the number of levels of this place that you have seen.
                   A       B       C       D       E      F
               +-------+-------+-------+-------+-------+----------------------
         Total | 100.0 | 100.0 |   N/A |   N/A | 100.0 |  95.7
       Dungeon | 100.0 | 100.0 |   N/A |   N/A | 100.0 |  95.7
               +-------+-------+-------+-------+-------+----------------------
